Map: Romanticide LE

Players

Seither - Winner!

  • Race: Terran Terran

MeomaikA

  • Race: Zerg Zerg

Event: DreamHack SC2 Masters 2021 Fall

VOD

Have the link to the VOD?

Description

Time

  • Played on: Aug. 1, 2021, 4:29 a.m.
  • Length: 10:17

All games in this series

Show
View Real Time Build Order
Export as new Build Order

Seither Terran - Winner!

Build Orders:  

Get SALT Encoding   

  12  0:00  SCV  
  13  0:12  SCV  
  14  0:17  Supply Depot  
  14  0:24  SCV  
  15  0:39  SCV  
  15  0:40  Barracks  
  16  0:43  Refinery  
  16  0:51  SCV  
  17  1:03  SCV  
  18  1:15  SCV  
  19  1:27  Barracks Reactor  
  19  1:28  Orbital Command  
  19  1:40  Command Center  
  19  1:50  Supply Depot  
  19  1:54  SCV  
  20  2:04  Factory  
  20  2:08  Marine x2  
  20  2:11  SCV  
  23  2:19  Bunker  
  23  2:23  SCV  
  23  2:28  Marine x2  
  26  2:36  SCV  
  27  2:37  Refinery  
  27  2:48  SCV, Hellion  
  27  2:50  Marine  
  31  2:51  Marine  
  31  2:56  Orbital Command  
  32  3:01  SCV  
  33  3:06  Starport  
  33  3:12  Marine x2  
  35  3:16  Hellion  
  35  3:18  SCV  
  38  3:23  SCV  
  39  3:30  SCV  
  39  3:31  Supply Depot  
  40  3:35  SCV  
  41  3:43  Hellion  
  41  3:44  Marine, Hellion  
  46  3:52  SCV x2, Medivac  
  50  3:56  Supply Depot  
  50  4:05  SCV x2, Hellion  
  50  4:06  Barracks Tech Lab  
  54  4:15  Supply Depot  
  54  4:18  SCV x2  
  58  4:30  Marine, SCV x2, Stimpack  
  59  4:32  Command Center  
  59  4:38  Supply Depot  
  59  4:40  Liberator  
  59  4:42  SCV  
  59  4:43  SCV  
  64  4:53  Factory Reactor  
  64  4:56  SCV x2  
  64  4:57  Barracks  
  64  4:59  Barracks  
  66  5:02  Marine  
  67  5:08  SCV x2  
  67  5:10  Supply Depot  
  69  5:15  Engineering Bay x2  
  69  5:20  Marine, SCV x2  
  72  5:32  SCV x2  
  74  5:37  Starport Reactor  
  74  5:38  Bunker  
  74  5:40  Refinery x2  
  74  5:41  Factory Tech Lab  
  74  5:44  Terran Infantry Armor Level 1, SCV x2, Terran Infantry Weapons Level 1  
  74  5:45  Orbital Command  
  74  5:48  Marine x3  
  79  5:54  Marine x2  
  79  5:56  Supply Depot, SCV x2  
  83  6:02  Siege Tank  
  86  6:08  Supply Depot, SCV x2  
  88  6:12  SCV, Combat Shield  
  88  6:13  Marine x3  
  88  6:14  Marine x2  
  88  6:18  Supply Depot  
  91  6:27  Medivac  
  91  6:28  Medivac  
  91  6:31  Marine x3  
  95  6:41  Marine x2, Siege Tank  
  100  6:52  Supply Depot  
  100  6:53  SCV  
  101  6:58  Barracks  
  101  6:59  Barracks  
  101  7:06  Supply Depot  
  101  7:07  Supply Depot, Orbital Command  
  101  7:13  Marine x5  
  101  7:14  SCV x2  
  108  7:20  Armory  
  108  7:27  Medivac x2, Siege Tank  
  108  7:29  SCV x2  
  117  7:31  Marine x2, Supply Depot x2  
  119  7:38  SCV  
  119  7:41  Marine x3, SCV  
  124  7:47  Barracks Reactor x2  
  124  7:48  SCV  
  125  7:53  SCV x2  
  125  7:55  Supply Depot x2  
  125  7:57  Marine x2  
  129  8:00  Siege Tank  
  129  8:01  Supply Depot  
  132  8:06  Refinery, SCV x3  
  132  8:07  Refinery  
  132  8:11  Marine  
  136  8:14  Supply Depot  
  136  8:16  Medivac x2  
  140  8:20  Supply Depot x2  
  140  8:22  SCV x3  
  140  8:26  Marine x4  
  147  8:28  Marine  
  147  8:29  Marine x3  
  147  8:33  Marine  
  152  8:35  Siege Tank  
  152  8:37  Supply Depot  
  152  8:40  Supply Depot  
  155  8:44  Marine  
  155  8:45  Factory  
  155  8:46  Supply Depot  
  156  8:50  Marine x5  
  156  8:52  SCV  
  156  8:53  SCV x2  
  164  9:00  Command Center  
  164  9:07  Marine  
  164  9:08  Marine x2  
  164  9:09  Siege Tank  
  170  9:10  Supply Depot  
  170  9:12  Supply Depot  
  170  9:17  Barracks  
  170  9:18  Barracks x2  
  169  9:24  Marine x3  
  169  9:25  Marine  
  169  9:26  Medivac x2  
  177  9:33  Factory Tech Lab  
  176  9:52  Marine x2  
  138  9:53  Marine x2  
  138  9:54  Marine x5  
Show
View Real Time Build Order
Export as new Build Order

MeomaikA Zerg 

Build Orders: Pool First 

Get SALT Encoding   

  12  0:00  Drone  
  13  0:08  Drone  
  14  0:16  Overlord  
  14  0:24  Extractor, Drone  
  15  0:35  Drone x2  
  17  0:44  Spawning Pool  
  17  0:47  Drone  
  17  1:07  Hatchery  
  17  1:11  Drone  
  17  1:13  Extractor  
  17  1:15  Drone  
  17  1:20  Drone  
  18  1:31  Zergling x2  
  18  1:32  Queen  
  21  1:37  Drone  
  22  1:48  Overlord  
  22  2:07  Queen, Drone  
  25  2:09  Drone  
  26  2:16  Metabolic Boost  
  26  2:20  Drone  
  26  2:22  Drone  
  28  2:30  Drone  
  28  2:36  Hatchery  
  28  2:38  Drone  
  28  2:40  Drone  
  31  2:44  Drone  
  31  2:47  Drone  
  31  2:49  Drone  
  33  2:54  Overlord  
  33  2:56  Drone  
  34  2:59  Drone  
  35  3:06  Lair  
  35  3:10  Drone  
  35  3:12  Drone  
  37  3:13  Drone  
  37  3:15  Drone  
  37  3:18  Drone x2  
  41  3:23  Extractor, Drone  
  41  3:24  Extractor  
  41  3:25  Drone  
  41  3:28  Drone  
  41  3:30  Drone  
  41  3:31  Drone  
  44  3:39  Overlord  
  44  3:44  Overlord  
  44  3:47  Overlord  
  44  3:50  Zergling x6  
  44  3:52  Drone  
  44  3:54  Drone x2  
  50  4:02  Zergling x6  
  53  4:04  Drone x2, Hydralisk Den  
  54  4:15  Zergling x2  
  53  4:28  Queen, Drone x5  
  53  4:29  Overlord  
  53  4:30  Drone x2  
  62  4:34  Muscular Augments, Hydralisk  
  62  4:36  Hydralisk  
  66  4:40  Hydralisk  
  66  4:43  Hydralisk  
  70  4:46  Hydralisk  
  70  4:48  Hydralisk  
  74  4:52  Hydralisk  
  74  4:54  Overseer  
  74  4:56  Hydralisk  
  74  4:59  Hydralisk  
  80  5:03  Overlord  
  80  5:14  Overlord  
  80  5:18  Overlord  
  80  5:26  Hydralisk  
  80  5:28  Overlord  
  82  5:29  Overlord  
  82  5:35  Hydralisk x4  
  82  5:36  Hydralisk  
  82  5:40  Hydralisk  
  94  5:44  Zergling x6  
  94  5:46  Hydralisk  
  94  5:48  Zergling x6  
  94  5:49  Zergling x2  
  103  5:56  Spore Crawler  
  102  5:59  Spore Crawler, Grooved Spines  
  102  6:00  Zergling x6  
  102  6:02  Zergling x4  
  102  6:03  Zergling x4  
  108  6:08  Hydralisk  
  108  6:09  Zergling x2  
  111  6:11  Zergling x2  
  111  6:12  Zergling x4  
  113  6:19  Zergling x2  
  113  6:20  Zergling x4  
  113  6:25  Drone x3  
  109  6:27  Drone  
  109  6:31  Drone  
  109  6:32  Drone x2  
  113  6:36  Drone  
  113  6:38  Drone, Overlord  
  113  6:45  Drone x4  
  113  6:46  Overlord  
  113  6:51  Baneling Nest, Evolution Chamber x2  
  110  6:56  Drone x2  
  112  7:04  Overlord  
  112  7:05  Drone x7  
  119  7:09  Drone  
  119  7:13  Overlord  
  120  7:17  Zerg Melee Weapons Level 1, Zerg Ground Armor Level 1  
  120  7:20  Zergling x2, Extractor x2  
  119  7:25  Hatchery  
  119  7:29  Drone  
  119  7:30  Queen, Drone x5  
  119  7:33  Drone, Centrifical Hooks  
  127  7:37  Drone x3  
  127  7:38  Drone  
  127  7:40  Drone, Spine Crawler  
  131  7:46  Zergling x8  
  131  7:48  Zergling x2  
  136  7:54  Zergling x2  
  136  7:56  Baneling x17  
  136  7:57  Baneling  
  137  8:01  Baneling x6  
  137  8:03  Overlord  
  137  8:04  Overlord  
  137  8:07  Overlord  
  137  8:08  Overlord  
  137  8:13  Overlord  
  137  8:16  Overlord  
  137  8:19  Overlord  
  137  8:22  Zergling x2, Baneling x11  
  137  8:23  Zergling x4  
  137  8:24  Zergling x2  
  137  8:25  Zergling x2  
  137  8:27  Zergling x2  
  143  8:28  Zergling x2  
  143  8:29  Zergling x2  
  143  8:34  Zergling x4  
  147  8:35  Zergling x6  
  147  8:37  Zergling x4  
  147  8:39  Zergling x6  
  155  8:41  Zergling x4  
  155  8:43  Zergling x2  
  158  8:49  Baneling  
  158  8:50  Baneling x13  
  158  8:51  Baneling x2  
  158  8:52  Zergling x4  
  158  8:54  Zergling x2  
  161  8:56  Zergling x2  
  163  9:02  Zergling x2  
  163  9:03  Zergling x2  
  163  9:04  Zergling x10  
  163  9:05  Baneling  
  163  9:07  Baneling x7  
  163  9:08  Zergling x6  
  172  9:10  Zergling x2  
  172  9:14  Zergling x8  
  172  9:15  Zergling x2  
  178  9:20  Zergling x8  
  178  9:22  Zergling x2  
  183  9:25  Overlord  
  183  9:29  Spine Crawler  
  183  9:31  Zergling x2  
  183  9:34  Baneling x15  
  183  9:35  Zergling x2  
  183  9:38  Overseer  
  183  9:41  Zergling x4  
  183  9:42  Zergling x2  
  168  9:49  Zergling x2  
  168  9:51  Zergling x6  
  115  9:53  Zergling x4  
  115  9:54  Zergling x2  
  115  9:55  Zergling x10  
  115  9:57  Zergling x2  
  115  9:59  Zergling x2  
  88  10:00  Zergling x4  

Tags
 
Add a new tag
Caveats
  • Supply blocks, unpowered buildings, or Contaminate may cause inaccurate times.
  • Supply counts are checked every 10 seconds.